TOP OF THE 1ST |
Menlo Maniacs batting - Pitching for Bismarck Barons : LHP Tim Miller
|
Pitching: LHP Tim Miller
|
|
Batting: RHB Jesús Cuevas
|
0-0: Called Strike 0-1: Foul Ball, location: 2F 0-2: Ball 1-2: Ball 2-2: Strikes out looking
|
Batting: LHB Marcos Vázquez
|
0-0: Called Strike 0-1: Ground out 5-3 (Groundball, 5L)
|
Batting: LHB Arthur Hall
|
0-0: Called Strike 0-1: Fly out, F2 (Popup, 2LF)
|
Top of the 1st over - 0 run(s), 0 hit(s), 0 error(s), 0 left on base; Menlo 0 - Bismarck 0 |
BOTTOM OF THE 1ST |
Bismarck Barons batting - Pitching for Menlo Maniacs : LHP Leo Huggins
|
Pitching: LHP Leo Huggins
|
|
Batting: RHB Tony Quinn
|
0-0: Swinging Strike 0-1: Swinging Strike 0-2: Ball 1-2: Ball 2-2: Strikes out swinging
|
Batting: RHB Seiji Kouno
|
0-0: Swinging Strike 0-1: Ball 1-1: SINGLE (Line Drive, 89M)
|
Batting: RHB Dave Parker
|
0-0: Ball 1-0: Foul Ball, location: 2F 1-1: Grounds into double play, 4-6-3 (Groundball, 4)
|
Bottom of the 1st over - 0 run(s), 1 hit(s), 0 error(s), 0 left on base; Menlo 0 - Bismarck 0 |
TOP OF THE 2ND |
Menlo Maniacs batting - Pitching for Bismarck Barons : LHP Tim Miller
|
Batting: RHB Steve Sampson
|
0-0: Ball 1-0: Ball 2-0: Ball 3-0: Called Strike 3-1: Fly out, F7 (Flyball, 78M)
|
Batting: RHB Philip Burke
|
0-0: Ball 1-0: Ball 2-0: Ball 3-0: Called Strike 3-1: Foul Ball, location: 2F 3-2: Strikes out swinging
|
Batting: RHB José Martínez
|
0-0: Reached on error, E4 (Groundball, 4)
|
Batting: LHB Ron McCoy
|
0-0: Ball 1-0: Ground out 3-1 (Groundball, 34)
|
Top of the 2nd over - 0 run(s), 0 hit(s), 1 error(s), 1 left on base; Menlo 0 - Bismarck 0 |
BOTTOM OF THE 2ND |
Bismarck Barons batting - Pitching for Menlo Maniacs : LHP Leo Huggins
|
Batting: RHB Lúcio Flores
|
0-0: Ball 1-0: Ball 2-0: Called Strike 2-1: Called Strike 2-2: Strikes out looking
|
Batting: LHB Howard Lambert
|
0-0: Fly out, F7 (Flyball, 7D)
|
Batting: RHB Enrique Gasporra
|
0-0: DOUBLE (Line Drive, 56D)
|
Batting: RHB Ronald Parsons
|
0-0: Ball 1-0: Called Strike 1-1: SINGLE (Groundball, 56D) Enrique Gasporra to third Runner from 3rd tries for Home, SAFE, no throw or cutoff
|
Batting: RHB Paul Ladd
|
0-0: Ball 1-0: Foul Ball, location: 2F 1-1: Ball 2-1: DOUBLE (Flyball, 9LM) Ronald Parsons to third Runner from 3rd tries for Home, SAFE, no throw or cutoff
|
Batting: RHB Norm Francis
|
0-0: Ball 1-0: Swinging Strike 1-1: Ball 2-1: Ball 3-1: Swinging Strike 3-2: Foul Ball, location: 2F 3-2: 2-RUN HOME RUN (Flyball, 8LXD), Distance : 400 ft
|
Batting: RHB Tony Quinn
|
0-0: Swinging Strike 0-1: Foul Ball, location: 2F 0-2: SINGLE (Groundball, 5)
|
Batting: RHB Seiji Kouno
|
0-0: Ball 1-0: Fielders Choice at 2nd, U6 (Groundball, 6M)
|
Bottom of the 2nd over - 4 run(s), 5 hit(s), 0 error(s), 1 left on base; Menlo 0 - Bismarck 4 |
TOP OF THE 3RD |
Menlo Maniacs batting - Pitching for Bismarck Barons : LHP Tim Miller
|
Batting: LHB Dan Hamilton
|
0-0: Called Strike 0-1: Foul Ball, location: 2F 0-2: Ball 1-2: Ground out 5-3 (Groundball, 5S)
|
Batting: RHB Vicente Martínez
|
0-0: Called Strike 0-1: Swinging Strike 0-2: Ball 1-2: Strikes out swinging
|
Batting: RHB Jesús Cuevas
|
0-0: Foul Ball, location: 2F 0-1: Reached on error, E3 (Groundball, 3S)
|
Batting: LHB Marcos Vázquez
|
0-0: Called Strike 0-1: Foul Ball, location: 2F 0-2: Foul Ball, location: 2F 0-2: Foul Ball, location: 2F 0-2: Ball 1-2: SINGLE (Line Drive, 7S) Jesús Cuevas to second
|
Batting: LHB Arthur Hall
|
0-0: Swinging Strike 0-1: Ball 1-1: Ball 2-1: SINGLE (Groundball, 34D) Jesús Cuevas to third Marcos Vázquez to second Runner from 3rd tries for Home, SAFE, no throw or cutoff
|
Batting: RHB Steve Sampson
|
0-0: Ball 1-0: Called Strike 1-1: Foul Ball, location: 2F 1-2: SINGLE (Line Drive, 34D) Marcos Vázquez to third Arthur Hall to second Runner from 3rd tries for Home, SAFE, throw made home
|
Batting: RHB Philip Burke
|
0-0: Ball 1-0: Ground out 5-3 (Groundball, 5S)
|
Top of the 3rd over - 2 run(s), 3 hit(s), 1 error(s), 2 left on base; Menlo 2 - Bismarck 4 |
BOTTOM OF THE 3RD |
Bismarck Barons batting - Pitching for Menlo Maniacs : LHP Leo Huggins
|
Batting: RHB Dave Parker
|
0-0: Foul Ball, location: 2F 0-1: Called Strike 0-2: Ball 1-2: Ball 2-2: SINGLE (Groundball, 6MD)
|
Batting: RHB Lúcio Flores
|
0-0: Ball 1-0: Grounds into double play, 6-4-3 (Groundball, 6M)
|
Batting: LHB Howard Lambert
|
0-0: Foul Ball, location: 2F 0-1: Fly out, F4 (Popup, 3DF)
|
Bottom of the 3rd over - 0 run(s), 1 hit(s), 0 error(s), 0 left on base; Menlo 2 - Bismarck 4 |
TOP OF THE 4TH |
Menlo Maniacs batting - Pitching for Bismarck Barons : LHP Tim Miller
|
Batting: RHB José Martínez
|
0-0: Called Strike 0-1: Swinging Strike 0-2: Ball 1-2: Strikes out swinging
|
Batting: LHB Ron McCoy
|
0-0: Called Strike 0-1: Foul Ball, location: 2F 0-2: Ball 1-2: Foul Ball, location: 2F 1-2: Foul Ball, location: 2F 1-2: Ball 2-2: Ball 3-2: Ground out 1-3 (Groundball, 13S)
|
Batting: LHB Dan Hamilton
|
0-0: Ball 1-0: Ground out 1-3 (Groundball, 13S)
|
Top of the 4th over - 0 run(s), 0 hit(s), 0 error(s), 0 left on base; Menlo 2 - Bismarck 4 |
BOTTOM OF THE 4TH |
Bismarck Barons batting - Pitching for Menlo Maniacs : LHP Leo Huggins
|
Batting: RHB Enrique Gasporra
|
0-0: SINGLE (Line Drive, 8LS)
|
Batting: RHB Ronald Parsons
|
0-0: Ball 1-0: Fly out, F6 (Popup, 8LS)
|
Batting: RHB Paul Ladd
|
0-0: Ball Enrique Gasporra steals 2nd base 1-0: SINGLE (Groundball, 34D) Enrique Gasporra to third Runner from 3rd tries for Home, SAFE, no throw or cutoff
|
Batting: RHB Norm Francis
|
0-0: Foul Ball, location: 2F 0-1: Ball 1-1: Foul Ball, location: 2F 1-2: Fly out, F6 (Popup, 6D)
|
Batting: RHB Tony Quinn
|
0-0: Ball 1-0: Ground out 6-3 (Groundball, 6)
|
Bottom of the 4th over - 1 run(s), 2 hit(s), 0 error(s), 1 left on base; Menlo 2 - Bismarck 5 |
TOP OF THE 5TH |
Menlo Maniacs batting - Pitching for Bismarck Barons : LHP Tim Miller
|
Batting: RHB Vicente Martínez
|
0-0: Fly out, F8 (Flyball, 8RD)
|
Batting: RHB Jesús Cuevas
|
0-0: Called Strike 0-1: Called Strike 0-2: Ball 1-2: Strikes out swinging
|
Batting: LHB Marcos Vázquez
|
0-0: Foul Ball, location: 2F 0-1: DOUBLE (Flyball, 78XD)
|
Batting: LHB Arthur Hall
|
0-0: Ball 1-0: Foul Ball, location: 2F 1-1: SINGLE (Line Drive, 6D) Marcos Vázquez to third Runner from 3rd tries for Home, SAFE, no throw or cutoff
|
Batting: RHB Steve Sampson
|
0-0: Ball Arthur Hall is caught stealing 2nd base
|
Top of the 5th over - 1 run(s), 2 hit(s), 0 error(s), 0 left on base; Menlo 3 - Bismarck 5 |
BOTTOM OF THE 5TH |
Bismarck Barons batting - Pitching for Menlo Maniacs : LHP Leo Huggins
|
Batting: RHB Seiji Kouno
|
0-0: Foul Ball, location: 2F 0-1: Foul Ball, location: 2F 0-2: Strikes out looking
|
Batting: RHB Dave Parker
|
0-0: Ball 1-0: Fly out, F9 (Flyball, 9LS)
|
Batting: RHB Lúcio Flores
|
0-0: Ground out 4-3 (Groundball, 4M)
|
Bottom of the 5th over - 0 run(s), 0 hit(s), 0 error(s), 0 left on base; Menlo 3 - Bismarck 5 |
TOP OF THE 6TH |
Menlo Maniacs batting - Pitching for Bismarck Barons : LHP Tim Miller
|
Batting: RHB Steve Sampson
|
0-0: Ball 1-0: Called Strike 1-1: Swinging Strike 1-2: Ball 2-2: Ball 3-2: Strikes out swinging
|
Batting: RHB Philip Burke
|
0-0: Ball 1-0: Ball 2-0: Called Strike 2-1: Foul Ball, location: 2F 2-2: Strikes out swinging
|
Batting: RHB José Martínez
|
0-0: Called Strike 0-1: Ball 1-1: Swinging Strike 1-2: Foul Ball, location: 2F 1-2: Foul Ball, location: 2F 1-2: Strikes out swinging
|
Top of the 6th over - 0 run(s), 0 hit(s), 0 error(s), 0 left on base; Menlo 3 - Bismarck 5 |
BOTTOM OF THE 6TH |
Bismarck Barons batting - Pitching for Menlo Maniacs : LHP Leo Huggins
|
Batting: LHB Howard Lambert
|
0-0: Ball 1-0: Called Strike 1-1: Ground out 3-1 (Groundball, 34)
|
Batting: RHB Enrique Gasporra
|
0-0: Foul Ball, location: 2F 0-1: Ball 1-1: Foul Ball, location: 2F 1-2: SOLO HOME RUN (Flyball, 7D), Distance : 357 ft
|
Batting: RHB Ronald Parsons
|
0-0: Called Strike 0-1: Ball 1-1: Called Strike 1-2: Ball 2-2: Strikes out looking
|
Batting: RHB Paul Ladd
|
0-0: Called Strike 0-1: Ball 1-1: DOUBLE (Flyball, 7LS)
|
Batting: RHB Norm Francis
|
0-0: Ball 1-0: Fly out, F8 (Flyball, 8LD)
|
Bottom of the 6th over - 1 run(s), 2 hit(s), 0 error(s), 1 left on base; Menlo 3 - Bismarck 6 |
TOP OF THE 7TH |
Menlo Maniacs batting - Pitching for Bismarck Barons : LHP Tim Miller
|
Batting: LHB Ron McCoy
|
0-0: Fly out, F5 (Popup, 5F)
|
Batting: LHB Dan Hamilton
|
0-0: SINGLE (Line Drive, 9LS)
|
Batting: RHB Vicente Martínez
|
0-0: Called Strike 0-1: Swinging Strike 0-2: Ball 1-2: Ball 2-2: Strikes out swinging
|
Pitching: RHP Felix Carrado
|
|
Batting: RHB Jesús Cuevas
|
Pickoff Throw to First - Out!
|
Top of the 7th over - 0 run(s), 1 hit(s), 0 error(s), 0 left on base; Menlo 3 - Bismarck 6 |
BOTTOM OF THE 7TH |
Bismarck Barons batting - Pitching for Menlo Maniacs : LHP Leo Huggins
|
Batting: RHB Tony Quinn
|
0-0: SINGLE (Line Drive, 56)
|
Pitching: RHP Steve Poe
|
|
Batting: RHB Seiji Kouno
|
0-0: Ball Tony Quinn is caught stealing 2nd base 1-0: Foul Ball, location: 2F 1-1: Ball 2-1: Foul Ball, location: 2F 2-2: Strikes out looking
|
Batting: RHB Dave Parker
|
0-0: Ground out 4-3 (Groundball, 4S)
|
Bottom of the 7th over - 0 run(s), 1 hit(s), 0 error(s), 0 left on base; Menlo 3 - Bismarck 6 |
TOP OF THE 8TH |
Menlo Maniacs batting - Pitching for Bismarck Barons : RHP Felix Carrado
|
Batting: RHB Jesús Cuevas
|
0-0: Fly out, F9 (Flyball, 9LM)
|
Batting: LHB Marcos Vázquez
|
0-0: Ball 1-0: Ball 2-0: Ball 3-0: Base on Balls
|
Pitching: LHP Víctor Soto
|
|
Batting: LHB Arthur Hall
|
0-0: Ball 1-0: Ball 2-0: Called Strike 2-1: Ball 3-1: Base on Balls Marcos Vázquez to second
|
Pitching: RHP Nick Parks
|
|
Batting: RHB Steve Sampson
|
0-0: Ball 1-0: Ball 2-0: 3-RUN HOME RUN (Flyball, 7LD), Distance : 320 ft
|
Pinch Hitting: LHB Adam Lowe
|
0-0: Called Strike 0-1: Foul Ball, location: 2F 0-2: Ball 1-2: Strikes out looking
|
Pinch Hitting: RHB Bob Campbell
|
0-0: Ball 1-0: Ball 2-0: SINGLE (Groundball, 56D)
|
Batting: LHB Ron McCoy
|
0-0: Ball 1-0: Ball 2-0: Fly out, F9 (Flyball, 9M)
|
Top of the 8th over - 3 run(s), 2 hit(s), 0 error(s), 1 left on base; Menlo 6 - Bismarck 6 |
BOTTOM OF THE 8TH |
Bismarck Barons batting - Pitching for Menlo Maniacs : RHP Steve Poe
|
Now at 2B: Ernest Russell
|
|
Now in LF: Bob Campbell
|
|
Batting: RHB Lúcio Flores
|
0-0: SINGLE (Line Drive, 56)
|
Batting: LHB Howard Lambert
|
0-0: Ball Wild Pitch! Lúcio Flores to second 1-0: Intentional Walk
|
Batting: RHB Enrique Gasporra
|
0-0: Sac Bunt - play at first, batter OUT! 1-4 Lúcio Flores to third Howard Lambert to second
|
Batting: RHB Ronald Parsons
|
0-0: Foul Ball, location: 2F 0-1: Ball 1-1: Ball 2-1: Foul Ball, location: 2F 2-2: Ball 3-2: SINGLE (Groundball, 6M) Lúcio Flores scores Howard Lambert to third
|
Batting: RHB Paul Ladd
|
0-0: DOUBLE (Line Drive, 9LS) Howard Lambert scores Ronald Parsons to third
|
Pinch Hitting: LHB Michael Cook
|
0-0: Intentional Walk
|
Batting: RHB Tony Quinn
|
0-0: Called Strike 0-1: Swinging Strike 0-2: Fly out, F7 (Flyball, 7LMF)
|
Batting: RHB Seiji Kouno
|
0-0: Ball 1-0: Foul Ball, location: 2F 1-1: Ball 2-1: Ball 3-1: Foul Ball, location: 2F 3-2: Base on Balls Ronald Parsons scores Paul Ladd to third Michael Cook to second
|
Pitching: RHP Jorge Luna
|
|
Batting: RHB Dave Parker
|
0-0: Ball 1-0: Ball 2-0: Ball 3-0: Base on Balls Paul Ladd scores Michael Cook to third Seiji Kouno to second
|
Batting: RHB Lúcio Flores
|
0-0: Swinging Strike 0-1: Ball 1-1: Ball 2-1: Ball 3-1: Base on Balls Michael Cook scores Seiji Kouno to third Dave Parker to second
|
Batting: LHB Howard Lambert
|
0-0: Foul Ball, location: 2F 0-1: SINGLE (Groundball, 3L) Seiji Kouno scores Dave Parker to third Lúcio Flores to second Runner from 3rd tries for Home, SAFE, no throw or cutoff
|
Batting: RHB Enrique Gasporra
|
0-0: Swinging Strike 0-1: Foul Ball, location: 2F 0-2: Ball 1-2: Ground out 6-3 (Groundball, 6)
|
Bottom of the 8th over - 7 run(s), 4 hit(s), 0 error(s), 2 left on base; Menlo 6 - Bismarck 13 |
TOP OF THE 9TH |
Menlo Maniacs batting - Pitching for Bismarck Barons : RHP Nick Parks
|
Now at 2B: David Canseco
|
|
Now in RF: Lorenzo Núñes
|
|
Batting: LHB Dan Hamilton
|
0-0: Ball 1-0: Called Strike 1-1: Ball 2-1: Foul Ball, location: 2F 2-2: Strikes out looking
|
Batting: RHB Vicente Martínez
|
0-0: Swinging Strike 0-1: Called Strike 0-2: Foul Ball, location: 2F 0-2: Strikes out looking
|
Batting: RHB Jesús Cuevas
|
0-0: Ball 1-0: Ball 2-0: Ground out 5-3 (Groundball, 56)
|
Top of the 9th over - 0 run(s), 0 hit(s), 0 error(s), 0 left on base; Menlo 6 - Bismarck 13 |
|